 Dungeon Crawl Stone Soup version 0.28-a0-1524-ge72afd5fc6 (webtiles) character file.

Game seed: 7300089454727506561

3 knot the Skirmisher (level 1, 0/27 HPs)
             Began as a Demonspawn Berserker on Jan 18, 2022.
             Was a Follower of Trog.
             Slain by a hobgoblin (2 damage)
             ... on level 1 of the Dungeon.
             The game lasted 00:00:13 (448 turns).

knot the Skirmisher (Demonspawn Berserker)           Turns: 448, Time: 00:00:14

Health: 0/27       AC:  2    Str: 17    XL:     1   Next: 41%
Magic:  1/1        EV: 12    Int:  8    God:    Trog [*.....]
Gold:   8          SH:  0    Dex: 12    Spells: 0/0 levels left

rFire   . . .      SeeInvis .   a - +0 hand axe
rCold   . . .      Faith    .   (no shield)
rNeg    . . .      Spirit   .   b - +0 animal skin
rPois   .          Reflect  .   (no helmet)
rElec   .          Harm     .   (no cloak)
rCorr   .          Rampage  .   (no gloves)
Will    .....                   (no boots)
Stlth   ..........              (no amulet)
HPRegen 0.09/turn               (no ring)
MPRegen 0.07/turn               (no ring)

@: berserking, very quick
A: no striking features
a: Renounce Religion, Berserk


You were on level 1 of the Dungeon.
You worshipped Trog.
Trog was aware of your devotion.
You visited 1 branch of the dungeon, and saw 1 of its levels.

You collected 8 gold pieces.

Inventory:

Hand Weapons
 a - a +0 hand axe (weapon)
Missiles
 d - 15 sling bullets
 f - 49 stones (quivered)
Armour
 b - a +0 animal skin (worn)
Jewellery
 e - a +6 ring of strength
Scrolls
 g - a scroll of teleportation {unknown}
Potions
 c - a potion of mutation {unknown}


   Skills:
 - Level 3.0 Fighting
 + Level 2.9 Axes
 - Level 1.7 Armour
 - Level 1.7 Dodging


You couldn't memorise any spells.
You didn't know any spells.
Your spell library contained the following spells:

 Spells                   Type           Power      Damage    Failure   Level
 Blink                    Tloc           0%         N/A       54%         2
 Lesser Beckoning         Tloc           0%         N/A       78%         3
 Manifold Assault         Tloc           0%         N/A       100%        5


Dungeon Overview and Level Annotations

Branches:
Dungeon (1/15)

Altars:


Message History

g - a scroll labelled WIPLUK LASA A hobgoblin comes into view.
The hobgoblin shouts!
A kobold comes into view. It is wielding a +0 whip.
Found a murky silvery potion.
Found a stone staircase leading down.
An endoplasm comes into view.
A hobgoblin comes into view.
There are monsters nearby!
A quokka and a hobgoblin come into view.
The hobgoblin shouts! x2; The kobold shouts!
Found a scroll labelled FUPLEFR ROKEU.
A rat comes into view.
The hobgoblin misses you.
You barely miss the hobgoblin. The hobgoblin barely misses you.
The quokka bites you.
You hit the hobgoblin.
The hobgoblin is almost dead.
You miss the kobold. You closely miss the quokka.
The kobold hits you with a +0 whip. The hobgoblin misses you.
The quokka bites you. The kobold barely misses you.
A red film seems to cover your vision as you go berserk!
You feel yourself moving faster!
You feel mighty! The quokka bites you. The hobgoblin barely misses you.
The kobold barely misses you.
You closely miss the quokka. You completely miss the kobold.
You closely miss the hobgoblin. The quokka misses you. The hobgoblin hits you.
* * * LOW HITPOINT WARNING * * *
You barely miss the quokka. You barely miss the hobgoblin.
You closely miss the kobold. The quokka bites you.
* * * LOW HITPOINT WARNING * * *
The kobold misses you. The hobgoblin hits you.
* * * LOW HITPOINT WARNING * * *
A ball python comes into view.
The ball python hisses angrily.
You slash the quokka!
You kill the quokka!
Trog accepts your kill.
You slash the kobold!
You kill the kobold!
Trog accepts your kill.
You barely miss the hobgoblin. The hobgoblin hits you.
You die...

#....#....##.....#.
##.##...##....###...#.
....#....##.....#####.
#..##....###.......#.
...##.....####....#.
####..##...)...####.#'
+......####.........#.
#......####......#.
#g@.......########.
....rJ†#)##.......# ##
..!..gg#.##....##.# #
.......#.###...##.######
...............##.......
.......#.###>.........##
.......#>S #...#........
.......#.# #..÷#.#....##
#...#.#.####


You could see an endoplasm, 3 hobgoblins, a ball python and a rat.

Vanquished Creatures
  2 endoplasms (D:1)
  A kobold (D:1)
  A quokka (D:1)
  A ball python (D:1)
5 creatures vanquished.

Notes
Turn   | Place    | Note
-------+----------+-------------------------------------------
     0 | D:1      | knot the Demonspawn Berserker began the quest for the Orb.
     0 | D:1      | Reached XP level 1. HP: 18/18 MP: 1/1
   448 | D:1      | Slain by a hobgoblin

Illustrated notes

Levels and vault maps discovered:
D:1:      dpeg_arrival_circle_labyrinth_a, layout_basic

Action                   || total
-------------------------++-------
Melee: Hand axe          ||    12
Invok: Berserk           ||     2
Armor: Animal skin       ||     1
Dodge: Dodged            ||    11

Table legend: (Time is in decaauts)
 A = Elapsed time spent in this place.
 B = Non-inter-level travel time spent in this place.
 C = Inter-level travel time spent in this place.
 D = Time resting spent in this place.
 E = Time spent auto-exploring this place.
 F = Levels seen in this place.
 G = Mean time per level.
                   A        B        C        D        E       F      G
               +--------+--------+--------+--------+--------+-----+--------+
         Total |    463 |    463 |      0 |    258 |    175 |   1 |  463.0 |
       Dungeon |    463 |    463 |      0 |    258 |    175 |   1 |  463.0 |
               +--------+--------+--------+--------+--------+-----+--------+

Top non-repeatable levels by time:
     D:1: 463 daAuts
